 Dungeon Crawl Stone Soup version 0.29-a0-553-g81b289dbe5 (webtiles) character file.

Game seed: 11841334285647039843

70 shadowstone the Skirmisher (level 4, -1/29 HPs)
             Began as a Gargoyle Fighter on June 6, 2022.
             Slain by a goblin
             ... wielding a +0 club
             ... led by Robin
              (2 damage)
             ... on level 2 of the Dungeon.
             The game lasted 00:06:22 (1780 turns).

shadowstone the Skirmisher (Gargoyle Fighter)       Turns: 1780, Time: 00:06:23

Health: -1/29      AC: 11    Str: 22    XL:     4   Next: 22%
Magic:  4/4        EV:  9    Int:  8    God:
Gold:   29         SH:  4    Dex:  9    Spells: 3/3 levels left

rFire   . . .      SeeInvis .   a - +0 trident
rCold   . . .      Faith    .   c - +0 buckler
rNeg    + . .      Spirit   .   b - +0 scale mail
rPois   ∞          Reflect  .   (no helmet)
rElec   +          Harm     .   (no cloak)
rCorr   .          Rampage  .   (no gloves)
Will    .....                   o - +0 pair of boots
Stlth   ..........              (no amulet)
HPRegen 0.09/turn               l - ring of wizardry
MPRegen 0.09/turn               (no ring)

@: mighty
A: sickness immunity, AC +3, negative energy resistance 1, electricity
resistance, torment resistance 1, petrification resistance
a: no special abilities


You were on level 2 of the Dungeon.
You visited 1 branch of the dungeon, and saw 2 of its levels.

You collected 29 gold pieces.

Inventory:

Hand Weapons
 a - a +0 trident (weapon)
Missiles
 f - 6 curare-tipped darts (quivered)
 g - 2 boomerangs
 n - 2 poisoned darts
Armour
 b - a +0 scale mail (worn)
 c - a +0 buckler (worn)
 o - a +0 pair of boots (worn)
Jewellery
 l - a ring of wizardry (left hand)
Scrolls
 e - 2 scrolls of blinking {unknown}
 h - a scroll of amnesia {unknown}
 i - a scroll of magic mapping {unknown}
 j - 2 scrolls of poison {unknown}
 m - a scroll of identify {unknown}
Potions
 k - 2 potions of curing {unknown}


   Skills:
 + Level 4.0 Fighting
 + Level 2.7 Polearms
 + Level 3.5 Armour
 + Level 3.8 Shields


You had 3 spell levels left.
You didn't know any spells.
Your spell library contained the following spells:

 Spells                   Type           Power      Damage    Failure   Level
 Summon Small Mammal      Summ           0%         N/A       47%         1
 Call Canine Familiar     Summ           0%         N/A       83%         3
 Summon Guardian Golem    Hex/Summ       0%         N/A       83%         3


Dungeon Overview and Level Annotations

Branches:
Dungeon (2/15)

Altars:


Innate Abilities, Weirdness & Mutations

You are immune to sickness and miasma.
Your stone body is resilient. (AC +3)
You are immune to poison.
You resist negative energy. (rN+)
You are resistant to electric shocks. (rElec)
You are resistant to unholy torment.
You are immune to petrification.


Message History

Unknown command.
You feel very mighty all of a sudden.
The goblin no longer looks unusually strong. x2
The goblin hits you but does no damage. x4; The hobgoblin closely misses you.
The goblin barely misses you. The hobgoblin closely misses you.
You puncture the goblin!
You kill the goblin!
The hobgoblin hits you but does no damage.
The goblin barely misses you. The goblin misses you.
You block the goblin's attack. The goblin hits you but does no damage.
The hobgoblin hits you but does no damage.
The goblin hits you but does no damage. The goblin attacks as you move away!
The goblin hits you but does no damage. The hobgoblin attacks as you move away!
The hobgoblin hits you.
* * * LOW HITPOINT WARNING * * *
The hobgoblin misses you. The goblin hits you but does no damage.
The goblin barely misses you. The goblin hits you with a +0 dagger.
* * * LOW HITPOINT WARNING * * *
Things that are here:
a +0 dagger; a goblin corpse You block the goblin's attack.
The goblin hits you but does no damage.
You puncture the hobgoblin!
You kill the hobgoblin!
The dart slug launches a dart at you. The slug dart hits you.
* * * LOW HITPOINT WARNING * * *
The goblin barely misses you. x2
You impale the goblin!!
You kill the goblin!
You block the goblin's attack. The goblin barely misses you.
You puncture the dart slug!
You kill the dart slug!
The goblin hits you with a +0 club.
* * * LOW HITPOINT WARNING * * *
The goblin hits you but does no damage. You block the goblin's attack.
The goblin hits you but does no damage. x3
You closely miss the hobgoblin. You block the hobgoblin's attack.
You block the goblin's attack. The goblin hits you but does no damage.
The goblin hits you with a +0 club.
You die...

#.......?............
#................###.
#................# #.
#................###.
#....................
#.................w..
#..g)..)..........
##ggg(........###.
##@g....#....#G#.
####...####.# #.
#[..# .g. #...# g...
##..# .... #... ...


You could see a hobgoblin and 4 goblins.

Vanquished Creatures
  Robin (D:2)
  An adder (D:2)
  A gnoll (D:1)
  A dart slug (D:2)
  2 ball pythons (D:1)
  4 endoplasms
  A giant cockroach (D:1)
  7 goblins
  4 hobgoblins
  2 jackals (D:2)
  2 kobolds (D:1)
  2 quokkas (D:1)
  A frilled lizard (D:1)
  5 rats (D:1)
34 creatures vanquished.

Notes
Turn   | Place    | Note
-------+----------+-------------------------------------------
     0 | D:1      | shadowstone the Gargoyle Fighter began the quest for the
                  | Orb.
     0 | D:1      | Reached XP level 1. HP: 14/14 MP: 1/1
   310 | D:1      | Reached XP level 2. HP: 10/20 MP: 2/2
   600 | D:1      | Reached XP level 3. HP: 22/24 MP: 3/3
  1342 | D:2      | Reached skill level 4 in Fighting
  1751 | D:2      | Noticed an eye of devastation
  1753 | D:2      | Noticed Robin
  1772 | D:2      | Killed Robin
  1773 | D:2      | Reached XP level 4. HP: 10/29 MP: 4/4
  1779 | D:2      | HP: 1/29 [goblin/+0 club[Robin] (3)]
  1780 | D:2      | Slain by a goblin

Illustrated notes

Levels and vault maps discovered:
D:1:      dpeg_arrival_line_fractal, layout_loops_corners,
          minmay_misc_feat_diagonals, dreamdust_princess_bridge,
          palyth_stone_intersect, hangedman_abyss_or_decor_stabs,
          nicolae_concentric_dashed_squares_wild
D:2:      layout_rooms, hellmonk_ecumenical_altar_watching_god,
          kennysheep_generic_room_12, uniq_robin

Skill      XL: |  1  2  3 |
---------------+----------+-----
Polearms       | 2 |  2.7
Fighting       | 4 |  4.0
Armour         | |  3.5
Shields        | |  3.8

Action                   |  1- 3 |  4- 6 || total
-------------------------+-------+-------++-------
Melee: Trident           |    83 |     5 ||    88
  Use: Potion            |       |     1 ||     1
Armor: Scale mail        |    78 |    16 ||    94
Dodge: Dodged            |    69 |    10 ||    79
Block: Buckler           |    21 |     6 ||    27

Table legend: (Time is in decaauts)
 A = Elapsed time spent in this place.
 B = Non-inter-level travel time spent in this place.
 C = Inter-level travel time spent in this place.
 D = Time resting spent in this place.
 E = Time spent auto-exploring this place.
 F = Levels seen in this place.
 G = Mean time per level.
                   A        B        C        D        E       F      G
               +--------+--------+--------+--------+--------+-----+--------+
         Total |   1799 |   1795 |      4 |    362 |      0 |   2 |  899.5 |
       Dungeon |   1799 |   1795 |      4 |    362 |      0 |   2 |  899.5 |
               +--------+--------+--------+--------+--------+-----+--------+

Top non-repeatable levels by time:
     D:1: 1320 daAuts
     D:2: 479 daAuts
